Map: Orbital Shipyard

Players

Zervas

  • Race: Zerg Zerg
  • League: Master

SortOf - Winner!

  • Race: Zerg Zerg
  • League: Master

Event: DreamHack ZOWIE Open Leipzig

VOD

Have the link to the VOD?

Description

Time

  • Played on: Jan. 22, 2016, 9:02 a.m.
  • Length: 6:30

All games in this series

Show
View Real Time Build Order
Export as new Build Order

Zervas Zerg 

Build Orders: Hatch First 

Get SALT Encoding   

  12  0:00  Drone  
  13  0:12  Overlord  
  13  0:17  Drone  
  14  0:31  Drone x2  
  14  0:35  Drone  
  17  0:44  Drone  
  18  0:55  Hatchery  
  17  0:57  Drone  
  18  1:05  Extractor  
  17  1:12  Spawning Pool  
  17  1:16  Drone  
  17  1:18  Drone  
  18  1:27  Drone  
  19  1:38  Overlord  
  19  1:49  Drone  
  20  1:58  Queen  
  20  2:01  Zergling x2  
  23  2:06  Queen  
  23  2:07  Drone  
  26  2:08  Metabolic Boost  
  26  2:11  Drone  
  27  2:19  Zergling x2  
  27  2:22  Drone  
  29  2:30  Baneling Nest  
  29  2:32  Drone x2  
  30  2:39  Queen  
  30  2:41  Overlord  
  30  2:43  Drone  
  33  2:49  Drone  
  34  2:53  Drone  
  35  3:02  Drone  
  35  3:08  Drone x4  
  35  3:12  Overlord  
  39  3:18  Lair  
  39  3:21  Spine Crawler  
  39  3:24  Drone x3  
  39  3:27  Drone, Extractor  
  42  3:29  Baneling  
  42  3:31  Drone  
  42  3:36  Drone  
  42  3:37  Extractor  
  42  3:39  Extractor, Zergling x2  
  42  3:44  Drone  
  42  3:47  Drone x3  
  46  3:51  Drone  
  46  3:52  Overlord  
  47  3:56  Drone x2  
  49  4:05  Drone  
  49  4:09  Zergling x4  
  52  4:18  Drone x2  
  52  4:19  Hatchery  
  52  4:23  Spire  
  52  4:28  Drone x3  
  55  4:39  Drone  
  55  4:40  Drone  
  55  4:42  Roach Warren  
  55  4:44  Overlord  
  55  4:45  Evolution Chamber  
  55  4:54  Overlord  
  55  4:58  Zergling x10  
  60  5:00  Overlord  
  60  5:07  Spine Crawler  
  60  5:09  Spine Crawler, Baneling x3  
  60  5:10  Baneling  
  58  5:17  Spine Crawler  
  57  5:21  Roach x3  
  57  5:24  Roach  
  57  5:27  Baneling x3  
  65  5:33  Roach  
  65  5:34  Roach  
  65  5:35  Zergling x4  
  64  5:39  Zergling x2  
  64  5:42  Mutalisk  
  65  5:45  Roach  
  65  5:53  Mutalisk  
  58  5:57  Mutalisk  
  58  6:04  Roach  
Show
View Real Time Build Order
Export as new Build Order

SortOf Zerg - Winner!

Build Orders: Hatch First 

Get SALT Encoding   

  12  0:00  Drone  
  13  0:12  Overlord  
  13  0:17  Drone  
  14  0:31  Drone x2  
  16  0:36  Drone  
  17  0:46  Drone  
  18  0:55  Hatchery  
  17  0:58  Drone  
  17  1:02  Extractor  
  17  1:08  Drone  
  18  1:17  Spawning Pool  
  17  1:20  Drone  
  18  1:29  Drone  
  19  1:39  Drone  
  20  1:49  Overlord  
  20  2:01  Drone  
  21  2:04  Metabolic Boost  
  21  2:05  Spine Crawler, Queen  
  22  2:10  Queen  
  22  2:13  Zergling x2  
  25  2:16  Drone  
  25  2:19  Drone  
  28  2:23  Baneling Nest  
  28  2:25  Drone  
  28  2:29  Drone  
  29  2:36  Drone  
  30  2:40  Drone  
  31  2:44  Drone  
  32  2:53  Hatchery  
  32  2:54  Zergling x2  
  32  2:58  Drone  
  33  3:03  Overlord  
  32  3:06  Drone  
  33  3:13  Drone x3  
  33  3:15  Overlord  
  36  3:21  Baneling x2  
  36  3:23  Zergling x4  
  36  3:24  Zergling x2  
  36  3:26  Drone  
  40  3:34  Queen  
  40  3:36  Zergling x4  
  44  3:43  Drone x2  
  44  3:46  Extractor  
  45  3:49  Roach Warren  
  45  3:50  Drone x2  
  45  3:52  Drone  
  45  3:54  Drone  
  48  3:56  Drone  
  48  4:06  Overlord  
  48  4:12  Overlord x2  
  48  4:29  Roach x8  
  48  4:30  Roach  
  66  4:33  Roach  
  66  4:37  Zergling x2  
  66  4:38  Zergling x4  
  70  4:43  Zergling x2  
  71  4:47  Zergling x6  
  71  4:50  Zergling x4  
  76  4:56  Zergling x2  
  76  4:57  Zergling x8  
  81  5:00  Overlord  
  81  5:07  Baneling x7  
  81  5:09  Baneling x4  
  81  5:13  Overlord  
  81  5:18  Baneling x2  
  81  5:23  Zergling x10  
  75  5:39  Zergling x20  
  80  5:43  Zergling x2  
  80  5:48  Zergling x6  
  83  5:54  Zergling x6  
  81  6:03  Zergling x6  

Tags
 
Add a new tag
Caveats
  • Supply blocks, unpowered buildings, or Contaminate may cause inaccurate times.
  • Supply counts are checked every 10 seconds.